 Dungeon Crawl Stone Soup version 0.14-a0-1546-g4b4961f (webtiles) character file.

48115 TKT the Spear-Bearer (level 14, -6/92 HPs)
             Began as an Octopode Wizard on Dec 8, 2013.
             Was a High Priest of Ashenzari.
             Mangled by a green rat (9 damage)
             ... on Level 8 of the Lair of Beasts on Dec 18, 2013.
             The game lasted 05:28:27 (30558 turns).

TKT the Spear-Bearer (Octopode Wizard)             Turns: 30558, Time: 05:28:27

HP  -6/92        AC  2     Str  9      XL: 14   Next: 40%
MP  31/31        EV 13     Int 27      God: Ashenzari [*****.]
Gold 1117        SH 20     Dex 11      Spells:  7 memorised, 14 levels left

rFire  + + .     SeeInvis +     D - +5,+11 spear "Jellybane" {pierce, +Blink rF+ Str+2}
rCold  . . .     Clarity  +     N - +0 shield (curse)
rNeg   + . .     Conserve .     L - +1 wizard hat {MR+} (curse)
rPois  +         rCorr    .     r - cursed amulet "Shrotroby" {+Rage rPois rC- Int+3 SInv}
rElec  +         rRot     .     v - cursed ring of positive energy
SustAb . .       Spirit   .     (no ring)
rMut   .         Warding  .     (no ring)
Saprov . . .     Stasis   .     (no ring)
                                (no ring)
                                (no ring)
                                (no ring)
                                (no ring)

@: overloaded, very slow, quite resistant to hostile enchantments, fairly
stealthy
A: almost no armour, amphibious, 8 rings, constrict 8, camouflage 1, gelatinous
body 1
a: Scrying, Transfer Knowledge, Renounce Religion, Evoke Blink, Evoke Berserk
Rage


You were on level 8 of the Lair of Beasts.
You worshipped Ashenzari.
Ashenzari was extremely pleased with you.
You were overloaded with stuff.
You were not hungry.

You visited 3 branches of the dungeon, and saw 20 of its levels.
You also visited: Volcano.

You collected 1117 gold pieces.

Inventory:

Hand weapons
 D - the cursed +5,+11 spear "Jellybane" (weapon) {pierce, +Blink rF+ Str+2}
   (You found it on level 5 of the Dungeon)

   It inflicts extra damage upon your enemies.
   It affects your strength (+2).
   It protects you from fire.
   It lets you blink.
   It has a curse placed upon it.
 I - the +10 blowgun of Cheese {evade, rPois Int+3 SInv}
   (You found it on level 3 of the Lair of Beasts)

   It affects your evasion (+5 to EV).
   It affects your intelligence (+3).
   It protects you from poison.
   It enhances your eyesight.
Missiles
 l - 8 javelins (quivered)
 x - 12 darts
Armour
 L - a cursed +1 wizard hat of magic resistance (worn)
 N - a cursed +0 shield (worn)
Magical devices
 b - a wand of confusion (13)
 o - a wand of paralysis (9)
 q - a wand of invisibility (6)
 w - a wand of lightning (9)
 y - a wand of confusion (13)
 J - a wand of invisibility (1)
 O - a wand of disintegration (15) {unknown}
 U - a wand of frost (16) {unknown}
Comestibles
 a - 17 grapes
 j - 11 strawberries
 E - a bread ration
 K - an apple
 M - 5 chunks of wyvern flesh
 P - 2 meat rations
 S - a beef jerky
Scrolls
 d - a scroll of fog
 f - a scroll of magic mapping
 h - a scroll of silence
 i - a scroll of summoning
 A - a scroll of remove curse
 H - 2 scrolls of fear
 W - a scroll of recharging
Jewellery
 e - the cursed necklace of Bloodlust {*Rage +Rage MR+ Str+2 Int-2 Dam+5 Stlth- Curse}
   (You found it on level 5 of the Lair of Beasts)

   [amulet of rage]

   It affects your strength (+2).
   It affects your intelligence (-2).
   It affects your damage-dealing abilities (+5).
   It affects your resistance to hostile enchantments.
   It makes you angry.
   It may recurse itself.
   It makes you less stealthy.
   It has a curse placed upon it.
 r - the cursed amulet "Shrotroby" (around mantle) {+Rage rPois rC- Int+3 SInv}
   (You acquired it on level 11 of the Dungeon)

   [amulet of rage]

   It affects your intelligence (+3).
   It makes you vulnerable to cold.
   It protects you from poison.
   It enhances your eyesight.
   It has a curse placed upon it.
 v - a cursed ring of positive energy (left tentacle)
 G - an uncursed ring of teleportation
Potions
 k - a potion of magic {unknown}
 m - a potion of mutation
 p - 3 potions of restore abilities
 s - a potion of resistance
 t - 7 potions of curing
 B - a potion of might
 T - a potion of lignification {unknown}
Books
 c - a book of Minor Magic

   Spells                             Type                      Level
   *Magic Dart                        Conjuration                  1
   Blink                              Translocation                2
   Call Imp                           Summoning                    2
   Repel Missiles                     Charms/Air                   2
   Slow                               Hexes                        2
   *Conjure Flame                     Conjuration/Fire             3
   *Mephitic Cloud                    Conjuration/Poison/Air       3
 g - a book of Air

   Spells                             Type                      Level
   Shock                              Conjuration/Air              1
   *Swiftness                         Charms/Air                   2
   Repel Missiles                     Charms/Air                   2
   Flight                             Charms/Air                   3
   Static Discharge                   Conjuration/Air              3
   Lightning Bolt                     Conjuration/Air              5
 u - a book of Battle

   Spells                             Type                      Level
   *Infusion                          Charms                       1
   Shroud of Golubria                 Charms/Translocation         2
   Song of Slaying                    Charms                       2
   Spectral Weapon                    Hexes/Charms                 3
   *Regeneration                      Charms/Necromancy            3
 C - a book of Ice

   Spells                             Type                      Level
   Freezing Aura                      Charms/Ice                   2
   Ensorcelled Hibernation            Hexes/Ice                    2
   Ozocubu's Refrigeration            Ice                          6
   Bolt of Cold                       Conjuration/Ice              6
   Freezing Cloud                     Conjuration/Ice/Air          6
   Metabolic Englaciation             Hexes/Ice                    6
   Simulacrum                         Ice/Necromancy               6
 Q - a book of Control

   Spells                             Type                      Level
   Control Teleport                   Charms/Translocation         4
   Control Undead                     Necromancy                   4
   *Enslavement                       Hexes                        4
   Mass Confusion                     Hexes                        6
   Metabolic Englaciation             Hexes/Ice                    6
Magical staves
 n - an uncursed staff of death
Miscellaneous
 z - a plain deck of escape {the Warp, drawn: 1}
 F - a plain deck of defence
 R - a lantern of shadows


   Skills:
 + Level 7.3 Fighting
 * Level 11.8(15.5) Polearms
 - Level 2.4(5.6) Dodging
 - Level 3.0(6.4) Stealth
 + Level 5.7(8.4) Shields
 - Level 9.0 Spellcasting
 * Level 10.8 Conjurations
 * Level 2.4 Hexes
 - Level 6.3 Charms
   Level 1.0 Summonings
   Level 1.0 Translocations
 - Level 10.1 Poison Magic
 - Level 3.2 Evocations


You had 14 spell levels left.
You knew the following spells:

 Your Spells              Type           Power        Failure   Level  Hunger
a - Magic Dart            Conj           ####         1%          1    None
b - Mephitic Cloud        Conj/Pois/Air  ######..     1%          3    None
c - Conjure Flame         Conj/Fire      #####...     2%          3    None
d - Swiftness             Chrm/Air       ####....     3%          2    None
e - Regeneration          Chrm/Necr      ####......   10%         3    None
f - Infusion              Chrm           #####.       1%          1    None
g - Enslavement           Hex            ####....     28%         4    #......


Dungeon Overview and Level Annotations

Branches:
Dungeon (11/16)            Temple (1/1) D:4            Lair (8/8) D:10
  Swamp (0/5) Lair:3        Snake (0/5) Lair:5
    Orc: D:9-12       Slime: Lair:6-8

Altars:
Ashenzari
Cheibriados
Elyvilon
Fedhas
Kikubaaqudgha
Makhleb
Nemelex Xobeh
Okawaru
Sif Muna
Trog
Vehumet
Xom
Yredelemnul
Zin
the Shining One

Shops:
D:8 *   D:10 !

Portals:
Trove: D:10 (give 15 scrolls of identify)

Annotations:
Lair:2 Stash


Innate Abilities, Weirdness & Mutations

You cannot wear most types of armour.
You are amphibious.
You can wear up to eight rings at the same time.
You can use your tentacles to constrict many enemies at once.
Your skin changes colour to match your surroundings (Stlth).
Your rubbery body absorbs attacks (AC +1).


Message History

You block the green rat's attack. The green rat barely misses you.
The elephant tramples the plant.
The elephant trunk-slaps the plant but does no damage.
The green rat barely misses you.
The giant slug bites the plant!
The elephant tramples the plant!
The elephant trunk-slaps the plant but does no damage.
The elephant barely misses you.
The elephant trunk-slaps you but does no damage.
You block the green rat's attack.
The giant frog croaks.
The giant frog hits the fungus.
The vampire mosquito bites the plant.
Something bites the fungus.
The giant frog hits the fungus.
Something bites the fungus!
The green rat completely misses the fungus.
The green rat bites you.
* * * LOW HITPOINT WARNING * * *
The giant frog hits the fungus!
You block the green rat's attack.
The giant frog hits the fungus!
The giant frog hits the fungus.
The green rat bites you!
You die...

.......#................ ≈ ,
........jjP......≈..P.P.. ,≈, ≈
...........S......≈.≈..... ≈,,,
, #P.P.....jY.YrYw...≈..P....≈,
,*,
#..fP..#{##rrfPf..........P,≈,,
, *.fffPP..#.rYfPff..........,.
, *#fffP.#....F#Py......###
.....
**f....#...rrr......fP####.#...
**.....###.Y.Y@.......#..#.....
#... ##..r................. *
.. #f.#.......f.........# *,
###.#ff..f....P.....#. , *
###Ff....#.%r..f...# **,,, *
**##l...#........... , * ∆*
#...f#..f....<... ,, , *
,.......#f.......#. *, ,,,
,........f#..##.#


You could see 6 elephants, a giant leech, a komodo dragon (wandering), a vampire
mosquito, 2 giant frogs, an adder and 7 green rats.

Vanquished Creatures
  Gastronok (Lair:2)
  A ravenous item mimic (Lair:6)
  Urug (Volcano)
  Erolcha (D:8)
  2 hill giants (D:10)
  2 black mambas
  A queen ant (Lair:3)
  3 fire drakes (Lair:4)
  9 spiny frogs
  5 komodo dragons
  2 trolls
  8 blink frogs (Lair:1)
  22 yaks
  5 hippogriffs
  2 basilisks
  A wyvern (Lair:7)
  A shark (Lair:5)
  Eustachio (D:4)
  An elephant slug (Lair:7)
  A hungry ghost (D:7)
  19 wolves
  8 soldier ants
  2 porcupines
  10 orc warriors
  3 nagas (Lair:5)
  2 giant goldfish (Lair:5)
  9 ogres
  A yellow wasp (D:9)
  A black bear (D:10)
  8 centaurs
  3 ice beasts
  15 crocodiles
  Sigmund (D:3)
  3 boring beetles
  6 giant slugs
  Blork the orc (D:8)
  14 giant frogs
  14 water moccasins
  3 agate snails
  A yak zombie (D:11)
  A hippogriff skeleton (D:8)
  11 crimson imps
  4 jellyfish (Lair:5)
  5 electric eels (Lair:5)
  A goliath beetle (D:10)
  4 jellies
  3 wights (D:9)
  2 big fish (Lair:5)
  A giant frog zombie (D:8)
  9 orc priests
  7 iguanas
  A giant frog skeleton (D:8)
  17 hounds
  3 scorpions
  6 orc wizards
  A soldier ant zombie (D:11)
  30 worker ants
  9 sheep
  Ijyb (D:2)
  Jessica (D:3)
  A mottled dragon zombie (D:10)
  2 big kobold skeletons
  Terence (D:3)
  A mummy (D:8)
  A hound skeleton (D:4)
  14 adders
  52 green rats
  3 giant centipedes
  5 giant mites
  5 worms
  An iguana zombie (D:7)
  3 giant eyeballs
  9 giant geckos
  An ooze (D:4)
  36 orcs
  A ball python (D:1)
  9 giant cockroaches
  13 goblins
  17 hobgoblins
  13 quokkas
  16 bats
  10 giant newts
  2 giant spores (D:7)
  A hobgoblin zombie (D:9)
  31 jackals
  15 kobolds
  2 kobold zombies
  A quokka zombie (D:9)
  22 rats
  A butterfly (Lair:5)
  3 fungi
  5 plants
608 creatures vanquished.

Vanquished Creatures (collateral kills)
  5 soldier ants (Lair:3)
  7 worker ants (Lair:3)
12 creatures vanquished.

Vanquished Creatures (others)
  A soldier ant (Lair:3)
  A worker ant (Lair:3)
  An orc (D:7)
  A giant spore (D:7)
  4 fungi
  3 plants
11 creatures vanquished.

Grand Total: 631 creatures vanquished

Notes
Turn   | Place    | Note
--------------------------------------------------------------
     0 | D:1      | TKT, the Octopode Wizard, began the quest for the Orb.
     0 | D:1      | Reached XP level 1. HP: 11/11 MP: 4/4
     2 | D:1      | Noticed a felid
     4 | D:1      | Noticed a dwarf
     6 | D:1      | Noticed a human
     8 | D:1      | Noticed a tengu
     8 | D:1      | Noticed a ghoul
    10 | D:1      | Noticed a minotaur
    12 | D:1      | Noticed an octopode
    12 | D:1      | Noticed a centaur
    14 | D:1      | Noticed a merfolk
    14 | D:1      | Noticed a vampire
    16 | D:1      | Noticed a troll
    16 | D:1      | Noticed a naga
    18 | D:1      | Noticed a demigod
    18 | D:1      | Noticed a spriggan
    20 | D:1      | Noticed a demonspawn
    20 | D:1      | Noticed an elf
    22 | D:1      | Noticed an ogre
    22 | D:1      | Noticed a draconian
   311 | D:1      | Reached XP level 2. HP: 17/17 MP: 1/6
  1044 | D:1      | Reached XP level 3. HP: 14/21 MP: 5/8
  1049 | D:1      | Learned a level 3 spell: Mephitic Cloud
  1053 | D:1      | Learned a level 3 spell: Conjure Flame
  1053 | D:1      | Upgraded the game from 0.14-a0-1378-gf8e6a88 to 0.14-a0-1388-g200237c
  1323 | D:2      | Upgraded the game from 0.14-a0-1388-g200237c to 0.14-a0-1403-g5d3c58f
  1333 | D:2      | Noticed Ijyb
  2310 | D:2      | Reached skill level 1 in Poison Magic
  2649 | D:3      | Noticed Sigmund
  2746 | D:3      | Noticed Jessica
  2870 | D:3      | Reached XP level 4. HP: 27/27 MP: 0/9
  3481 | D:3      | Reached XP level 5. HP: 20/31 MP: 0/11
  3582 | D:3      | Upgraded the game from 0.14-a0-1403-g5d3c58f to 0.14-a0-1413-g94b8a5e
  3640 | D:3      | Killed Jessica
  3733 | D:3      | Noticed Terence
  3787 | D:3      | Killed Terence
  3905 | D:3      | Found a sparkling altar of Nemelex Xobeh.
  3918 | D:3      | Killed Sigmund
  3918 | D:3      | Reached skill level 4 in Conjurations
  3918 | D:3      | Reached XP level 6. HP: 36/36 MP: 0/13
  4228 | D:4      | Found a staircase to the Ecumenical Temple.
  4237 | Temple   | Entered the Ecumenical Temple
  4477 | Temple   | Became a worshipper of Ashenzari the Shackled
  4627 | D:4      | Noticed Eustachio
  4730 | Temple   | HP: 1/36 [poisoned by a kobold]
  5013 | D:4      | Reached skill level 5 in Conjurations
  5109 | D:5      | Entered Level 5 of the Dungeon
  5304 | D:5      | Reached XP level 7. HP: 41/41 MP: 9/15
  5764 | D:5      | Got the spear "Jellybane" {pierce, +Blink rF+ Str+2}
  5765 | D:5      | Identified the +5,+11 spear "Jellybane" {pierce, +Blink rF+ Str+2} (You found it on level 5 of the Dungeon)
  6363 | D:6      | Reached skill level 6 in Conjurations
  6551 | D:6      | Reached skill level 5 in Poison Magic
  6594 | D:6      | Reached skill level 1 in Polearms
  6839 | D:6      | Reached XP level 8. HP: 30/46 MP: 6/16
  7208 | D:6      | Reached skill level 7 in Conjurations
  7570 | D:7      | Reached skill level 1 in Evocations
  8304 | D:7      | Reached XP level 9. HP: 46/51 MP: 18/18
  8314 | D:7      | Learned a level 2 spell: Swiftness
  8318 | D:7      | Learned a level 3 spell: Regeneration
  8433 | D:8      | Found Gejocef's General Store.
  8462 | D:8      | Reached skill level 8 in Conjurations
  8498 | D:7      | Reached skill level 1 in Charms
  9049 | D:8      | Noticed Erolcha
  9134 | D:8      | Noticed Blork the orc
  9196 | D:8      | Killed Blork the orc
  9344 | D:8      | Killed Erolcha
  9344 | D:8      | Reached skill level 1 in Fighting
  9344 | D:8      | Reached skill level 5 in Polearms
  9494 | D:8      | Learned a level 1 spell: Infusion
  9797 | D:8      | Acquired Ashenzari's first power
  9937 | D:8      | Upgraded the game from 0.14-a0-1413-g94b8a5e to 0.14-a0-1444-g21dc12d
 10315 | D:8      | Found a basalt altar of Yredelemnul.
 10318 | D:8      | Found a blossoming altar of Fedhas.
 10318 | D:8      | Found an ancient bone altar of Kikubaaqudgha.
 10828 | D:4      | Reached XP level 10. HP: 35/61 MP: 9/19
 11006 | D:4      | Killed Eustachio
 11119 | D:2      | Killed Ijyb
 11984 | D:8      | Reached skill level 5 in Charms
 12859 | D:10     | Entered Level 10 of the Dungeon
 12894 | D:10     | Found a staircase to the Lair.
 14512 | D:10     | Found a portal to a secret trove of treasure.
 14721 | D:10     | Reached skill level 5 in Spellcasting
 14824 | D:10     | Found Tryicex's Distillery.
 15324 | D:11     | Noticed a hill giant
 15347 | D:11     | Noticed a hill giant
 15433 | D:10     | Killed a hill giant
 15433 | D:10     | Reached XP level 11. HP: 24/69 MP: 8/23
 15902 | D:10     | Killed a hill giant
 16131 | D:11     | Paralysed by a giant eyeball for 4 turns
 16540 | D:11     | Identified a scroll of acquirement
 16541 | D:11     | Identified the cursed amulet "Shrotroby" {+Rage rPois rC- Int+3 SInv} (You acquired it on level 11 of the Dungeon)
 16918 | D:10     | Paralysed by a giant eyeball for 3 turns
 16924 | D:10     | Paralysed by a giant eyeball for 2 turns
 17489 | Lair:1   | Entered Level 1 of the Lair of Beasts
 17489 | Lair:1   | Found a labyrinth entrance.
 18154 | Lair:1   | Reached skill level 1 in Shields
 18594 | Lair:1   | Noticed a seven-headed hydra
 18677 | Lair:1   | Reached skill level 9 in Poison Magic
 19783 | Lair:2   | Reached skill level 5 in Fighting
 20283 | Lair:2   | Acquired Ashenzari's second power
 20298 | Lair:2   | Noticed Gastronok
 20847 | Lair:2   | Killed Gastronok
 20847 | Lair:2   | Reached XP level 12. HP: 71/77 MP: 20/27
 21040 | Lair:2   | Identified the cursed +1,-2 long sword of Hatred {drain, +Inv rN+ Dex-1} (You found it on level 5 of the Dungeon)
 21045 | Lair:2   | Stash
 21395 | Lair:2   | Upgraded the game from 0.14-a0-1444-g21dc12d to 0.14-a0-1474-g1105da3
 21918 | Lair:3   | Identified the +10 blowgun of Cheese {evade, rPois Int+3 SInv}
 22291 | Lair:3   | Found a staircase to the Swamp.
 22603 | Lair:3   | Reached skill level 10 in Polearms
 22998 | Lair:3   | Upgraded the game from 0.14-a0-1474-g1105da3 to 0.14-a0-1499-g388a102
 23234 | Lair:4   | Upgraded the game from 0.14-a0-1499-g388a102 to 0.14-a0-1519-gc5e2f7f
 23356 | Lair:4   | Upgraded the game from 0.14-a0-1519-gc5e2f7f to 0.14-a0-1546-g4b4961f
 23466 | Lair:4   | Found a dark tunnel.
 23478 | Volcano  | Entered a volcano
 23479 | Volcano  | Acquired Ashenzari's third power
 23647 | Volcano  | Reached skill level 10 in Poison Magic
 23727 | Volcano  | Noticed Urug
 23758 | Volcano  | Killed Urug
 24429 | Lair:4   | Noticed a four-headed hydra
 25134 | Lair:5   | Found a staircase to the Snake Pit.
 26158 | Lair:5   | Reached XP level 13. HP: 83/83 MP: 29/29
 27063 | Lair:6   | Found a frozen archway.
 28214 | Lair:6   | Reached skill level 11 in Polearms
 28525 | Lair:6   | Reached skill level 5 in Shields
 28525 | Lair:6   | Reached skill level 10 in Conjurations
 28525 | Lair:6   | Reached XP level 14. HP: 89/92 MP: 31/31
 28542 | Lair:6   | Learned a level 4 spell: Enslavement
 29026 | Lair:7   | Acquired Ashenzari's fourth power
 29109 | Lair:7   | Reached skill level 1 in Hexes
 29966 | Lair:7   | HP: 4/92 [spiny frog (24)]
 30527 | Lair:8   | Entered Level 8 of the Lair of Beasts
 30551 | Lair:8   | HP: 3/92 [elephant (7)]
 30557 | Lair:8   | HP: 3/92 [green rat (2)]
 30558 | Lair:8   | Mangled by a green rat

Action                   |  1- 3 |  4- 6 |  7- 9 | 10-12 | 13-15 || total
-------------------------+-------+-------+-------+-------+-------++-------
Melee: Unarmed           |    40 |       |       |       |       ||    40
       Dagger            |     4 |    17 |       |       |       ||    21
       Spear             |       |       |    76 |   578 |   186 ||   840
 Cast: Magic Dart        |   108 |   121 |   335 |  1090 |   266 ||  1920
       Mephitic Cloud    |     4 |     7 |    32 |   149 |    36 ||   228
       Conjure Flame     |       |       |     5 |    20 |     6 ||    31
       Infusion          |       |       |     2 |       |       ||     2
       Regeneration      |       |       |       |     2 |       ||     2
       Swiftness         |       |       |       |     1 |       ||     1
 Abil: Evoke Blink       |       |       |       |       |     2 ||     2
       Evoke Berserk Rag |       |       |       |       |     1 ||     1
Evoke: Deck              |       |       |       |     1 |       ||     1
       Wand              |       |       |       |     2 |       ||     2
  Use: Scroll            |     6 |     6 |    10 |    20 |     7 ||    49
       Potion            |     1 |     5 |     5 |     5 |     5 ||    21
 Stab: Confused          |       |     1 |     1 |    36 |    17 ||    55
       Sleeping          |       |       |     1 |     2 |       ||     3
       Distracted        |       |       |       |     1 |       ||     1
